Map: Terraform LE (Void)

Players

Xellie - Winner!

  • Race: Zerg Zerg
  • League: Platinum

ImotoFantasy

  • Race: Protoss Protoss
  • League: Grandmaster

VOD

Have the link to the VOD?

Description

Time

  • Played on: Oct. 25, 2015, 12:18 a.m.
  • Length: 11:09
Show
View Real Time Build Order
Export as new Build Order

Xellie Zerg - Winner!

Build Orders: Hatch First 

Get SALT Encoding   

  12  0:00  Drone  
  13  0:08  Drone  
  14  0:17  Overlord  
  14  0:35  Drone x3  
  17  0:53  Hatchery  
  17  0:55  Drone  
  17  1:08  Spawning Pool  
  17  1:11  Drone  
  17  1:16  Drone  
  18  1:23  Drone  
  19  1:34  Overlord  
  20  1:40  Drone  
  20  1:59  Drone  
  20  2:00  Queen  
  23  2:03  Drone  
  23  2:07  Queen  
  26  2:10  Drone  
  26  2:14  Drone  
  28  2:16  Drone  
  29  2:38  Drone x2  
  29  2:43  Hatchery, Queen  
  32  2:45  Drone x3  
  35  2:52  Extractor x2  
  35  2:53  Overlord  
  33  3:04  Drone x2  
  35  3:12  Drone  
  36  3:19  Drone x3  
  39  3:28  Drone x5  
  39  3:32  Hatchery  
  43  3:37  Overlord  
  43  3:48  Metabolic Boost  
  43  3:54  Overlord  
  43  3:55  Queen  
  43  4:00  Overlord  
  43  4:02  Drone x3  
  48  4:03  Drone x2  
  50  4:15  Evolution Chamber  
  49  4:18  Evolution Chamber  
  49  4:23  Queen  
  50  4:27  Zergling x20  
  50  4:28  Zergling x2  
  62  4:38  Zergling x6  
  62  4:39  Zergling x4  
  62  4:41  Zerg Ground Armor Level 1  
  62  4:43  Spore Crawler  
  65  4:47  Zerg Melee Weapons Level 1  
  65  4:54  Spore Crawler, Drone  
  65  4:57  Extractor  
  65  4:58  Extractor  
  63  5:01  Drone  
  63  5:02  Drone  
  63  5:06  Drone  
  67  5:07  Drone x2  
  67  5:09  Drone  
  67  5:12  Hatchery  
  68  5:20  Drone x3  
  71  5:21  Drone  
  71  5:26  Overlord x2  
  72  5:36  Lair  
  72  5:38  Overlord x4  
  72  5:50  Zergling x12  
  72  5:51  Zergling x8  
  77  6:06  Drone x3  
  77  6:07  Drone x2  
  82  6:13  Drone x5  
  82  6:14  Drone x5  
  92  6:26  Overlord x3  
  92  6:38  Zergling x16  
  92  6:39  Zergling x8  
  99  6:54  Zerg Ground Armor Level 2, Infestation Pit  
  94  6:55  Spire, Zerg Melee Weapons Level 2  
  94  6:56  Drone  
  94  6:58  Drone x7  
  94  7:00  Extractor  
  93  7:02  Extractor  
  93  7:06  Zergling x2  
  93  7:07  Zergling x12  
  93  7:08  Zergling x2  
  98  7:23  Drone x5  
  103  7:33  Overseer  
  103  7:35  Overseer  
  103  7:39  Drone  
  103  7:40  Drone x9  
  103  7:41  Hatchery  
  89  8:37  Mutalisk  
  89  8:38  Mutalisk x13  
  89  8:39  Mutalisk  
  119  8:45  Queen  
  119  8:46  Zergling x2  
  119  8:47  Zergling x38  
  141  8:49  Hatchery  
  141  8:53  Drone x4  
  144  8:57  Mutalisk  
  144  9:01  Extractor  
  144  9:02  Drone x3, Extractor  
  147  9:04  Drone x2  
  147  9:05  Drone x2  
  147  9:06  Drone x5  
  156  9:20  Overlord x2  
  156  9:21  Overlord x2  
  140  9:51  Hive  
  137  9:54  Zergling x2  
  137  9:55  Zergling x32  
  137  9:56  Zergling x30  
  161  10:13  Mutalisk x8  
  161  10:14  Mutalisk x6  
Show
View Real Time Build Order
Export as new Build Order

ImotoFantasy Protoss 

Build Orders: Nexus First 

Get SALT Encoding   

  12  0:02  Probe (Chrono Boost)  
  13  0:12  Probe (Chrono Boost)  
  14  0:17  Pylon  
  14  0:23  Probe (Chrono Boost)  
  15  0:36  Probe (Chrono Boost)  
  16  0:46  Probe (Chrono Boost)  
  18  0:57  Probe (Chrono Boost)  
  18  1:01  Nexus  
  18  1:07  Probe (Chrono Boost)  
  19  1:14  Gateway  
  19  1:18  Probe (Chrono Boost)  
  20  1:22  Assimilator  
  20  1:28  Probe (Chrono Boost)  
  20  1:31  Assimilator  
  21  1:39  Probe (Chrono Boost)  
  22  1:49  Probe (Chrono Boost)  
  23  2:03  Cybernetics Core  
  23  2:13  Probe (Chrono Boost), Pylon  
  23  2:15  Probe (Chrono Boost)  
  25  2:24  Probe (Chrono Boost)  
  25  2:25  Probe (Chrono Boost)  
  27  2:34  Probe (Chrono Boost)  
  27  2:36  Probe (Chrono Boost)  
  29  2:38  Warp Gate (Chrono Boost)  
  29  2:42  Stalker  
  31  2:45  Mothership Core (Chrono Boost)  
  31  2:47  Probe (Chrono Boost)  
  34  2:53  Forge  
  34  2:56  Probe (Chrono Boost)  
  35  3:03  Probe  
  36  3:06  Probe  
  36  3:08  Gateway  
  36  3:12  Pylon  
  37  3:15  Probe  
  37  3:16  Probe  
  37  3:19  Zealot  
  41  3:27  Probe x2  
  43  3:34  Gateway  
  43  3:37  Photon Cannon  
  43  3:39  Probe  
  44  3:44  Probe  
  45  3:51  Probe  
  46  4:00  Gateway  
  46  4:02  Protoss Ground Weapons Level 1 (Chrono Boost)  
  46  4:04  Probe x2  
  46  4:06  Assimilator  
  46  4:09  Assimilator  
  48  4:16  Probe x2  
  50  4:28  Probe x2  
  52  4:43  Probe x2  
  54  4:50  Pylon  
  54  4:52  Nexus  
  54  4:54  Pylon  
  54  5:05  Pylon  
  54  5:08  Probe x2  
  54  5:09  Pylon  
  54  5:12  Pylon  
  54  5:13  Pylon  
  56  5:22  Zealot x3  
  56  5:23  Zealot  
  64  5:34  Probe x2  
  66  5:43  Photon Cannon  
  66  5:46  Probe x2  
  66  5:49  Stargate  
  68  5:50  Stargate  
  68  5:58  Zealot x4  
  68  6:01  Probe x2  
  68  6:02  Pylon, Protoss Ground Armor Level 1 (Chrono Boost)  
  66  6:10  Probe  
  66  6:13  Probe x2  
  68  6:20  Probe  
  68  6:21  Twilight Council  
  68  6:25  Probe x2  
  71  6:27  Pylon  
  71  6:30  Assimilator  
  71  6:32  Assimilator  
  71  6:34  Zealot x3  
  71  6:35  Zealot, Photon Cannon  
  71  6:37  Probe  
  65  6:50  Probe  
  65  6:51  Probe x2  
  57  6:58  Photon Cannon  
  57  7:03  Probe x2  
  57  7:04  Probe  
  60  7:10  Pylon, Photon Cannon  
  60  7:12  Zealot  
  62  7:17  Probe, Void Ray  
  62  7:18  Pylon, Void Ray, Probe x2  
  62  7:20  Zealot  
  62  7:21  Zealot x2  
  71  7:28  Charge (Chrono Boost)  
  79  7:33  Fleet Beacon  
  79  7:36  Probe  
  79  7:37  Probe  
  81  7:40  Probe  
  82  7:47  Sentry x2  
  82  7:49  Probe  
  87  7:51  Probe  
  88  7:59  Zealot x2  
  69  8:18  Probe  
  69  8:19  Probe  
  71  8:30  Probe  
  71  8:31  Probe, Carrier (Chrono Boost)  
  71  8:33  Carrier (Chrono Boost)  
  72  8:37  Nexus  
  84  8:44  Photon Cannon  
  84  8:48  Probe  
  84  8:49  Probe  
  86  9:02  Probe x2  
  88  9:08  Assimilator  
  88  9:11  Pylon  
  88  9:12  Protoss Air Weapons Level 1 (Chrono Boost)  
  88  9:13  Graviton Catapult  
  88  9:14  Probe  
  89  9:28  Zealot  
  89  9:29  Zealot x3  
  84  9:44  Probe x2  
  67  9:52  Phoenix (Chrono Boost)  
  55  9:54  Probe, Phoenix (Chrono Boost)  
  55  9:56  Probe x2  
  49  10:08  Stalker x2  
  49  10:09  Stalker  
  49  10:14  Phoenix (Chrono Boost)  
  56  10:15  Phoenix (Chrono Boost)  
  56  10:18  Probe  
  56  10:20  Probe x2  
  55  10:28  Probe  
  55  10:32  Probe  
  46  10:36  Zealot x3  
  51  10:43  Zealot  
  47  10:57  Zealot x2  
  47  10:58  Zealot  
Tags
 
Add a new tag
Caveats
  • Supply blocks, unpowered buildings, or Contaminate may cause inaccurate times.
  • Supply counts are checked every 10 seconds.